 Dungeon Crawl Stone Soup version 0.21.1-1-g345015f (webtiles) character file.

22056 empire the Fighter (level 12, -2/100 HPs)
             Began as a Gnoll Wanderer on Mar 23, 2018.
             Was the Champion of Cheibriados.
             Slain by a six-headed hydra (12 damage)
             ... on level 2 of the Lair of Beasts on Mar 27, 2018.
             The game lasted 00:43:27 (12681 turns).

empire the Fighter (Gnoll Wanderer)                Turns: 12681, Time: 00:43:28

Health: -2/100     AC: 18    Str: 31    XL:     12   Next: 96%
Magic:  23/23      EV: 20    Int: 31    God:    Cheibriados [******]
Gold:   1015       SH:  9    Dex: 36    Spells: 16/26 levels left

rFire    x . .     SeeInvis +   a - +4 morningstar
rCold    . . .     Gourm    .   c - +0 buckler
rNeg     + + +     Faith    .   l - +2 scale mail
rPois    +         Spirit   .   E - +0 hat "Robes" {rF- rN+++ rCorr Dex+4} (curse)
rElec    .         Reflect  .   q - +1 cloak
rCorr    +         Harm     .   i - +0 pair of gloves
MR       .....                  A - +2 pair of boots
Stlth    ++++......             (no amulet)
HPRegen  0.26/turn              x - ring of poison resistance
MPRegen  0.18/turn              I - ring of see invisible

@: about to teleport, very slow
A: distributed training, fangs 1, strong nose
a: Bend Time, Temporal Distortion, Slouch, Step From Time, Renounce Religion


You were on level 2 of the Lair of Beasts.
You worshipped Cheibriados.
Cheibriados was exalted by your worship.
You were not hungry.

You visited 4 branches of the dungeon, and saw 16 of its levels.

You collected 1015 gold pieces.

Inventory:

Hand Weapons
 a - a +4 morningstar (weapon)
 b - a +3 war axe
 n - a +0 dire flail of protection
 t - a +0 scimitar of flaming
 v - a +0 executioner's axe
 N - a +0 morningstar
 P - a +2 short sword of protection
 Q - a +4 battleaxe
Missiles
 g - 144 arrows
 h - 30 sling bullets
 z - 19 bolts
 J - 5 needles of sleeping
Armour
 c - a +0 buckler (worn)
 i - a +0 pair of gloves (worn)
 l - a +2 scale mail (worn)
 q - a +1 cloak (worn)
 A - a +2 pair of boots (worn)
 E - the cursed +0 hat "Robes" (worn) {rF- rN+++ rCorr Dex+4}
   (You found it on level 5 of the Dungeon)

   It affects your dexterity (+4).
   It makes you vulnerable to fire.
   It renders you almost immune to negative energy.
   It protects you from acid and corrosion.
   It has a curse placed upon it.
 L - a +0 troll leather armour
Jewellery
 x - a ring of poison resistance (left hand)
 I - a ring of see invisible (right hand)
Wands
 m - a wand of iceblast (8)
 p - a wand of polymorph (8)
 u - a wand of scattershot (4)
 K - a wand of clouds (3)
Scrolls
 e - 9 scrolls of remove curse
 f - 2 scrolls of magic mapping
 j - a scroll of enchant weapon
 k - 7 scrolls of identify
 y - a scroll of amnesia
 C - a scroll of fog
 D - a scroll of immolation
 H - 2 scrolls of teleportation
 O - a scroll of holy word {unknown}
Potions
 o - a potion of brilliance
 r - a potion of heal wounds
 w - 2 potions of might
 B - a potion of agility {unknown}
 F - 2 potions of mutation {unknown}
 R - a potion of curing
Miscellaneous
 G - a sack of spiders
 M - a fan of gales
Comestibles
 d - 18 rations


   Skills:
 + Level 11.2 Fighting
 + Level 7.6 Short Blades
 + Level 7.6 Long Blades
 + Level 7.6 Axes
 + Level 8.1 Maces & Flails
 + Level 7.6 Polearms
 + Level 7.6 Staves
 + Level 7.6 Slings
 + Level 7.6 Bows
 + Level 7.6 Crossbows
 + Level 7.6 Throwing
 + Level 10.1 Armour
 + Level 7.6 Dodging
 + Level 7.6 Stealth
 + Level 9.0 Shields
 + Level 7.6 Unarmed Combat
 + Level 7.6 Spellcasting
 + Level 6.3 Conjurations
 + Level 6.3 Hexes
 + Level 6.3 Charms
 + Level 6.3 Summonings
 + Level 6.3 Necromancy
 + Level 6.3 Translocations
 + Level 6.3 Transmutations
 + Level 6.3 Fire Magic
 + Level 6.3 Ice Magic
 + Level 6.3 Air Magic
 + Level 6.3 Earth Magic
 + Level 6.3 Poison Magic
 + Level 8.4 Invocations
 + Level 7.6 Evocations


You had 16 spell levels left.
You knew the following spells:

 Your Spells              Type           Power        Failure   Level  Hunger
a - Blink                 Tloc           N/A          1%          2    None
b - Call Imp              Summ           ######..     1%          2    None
c - Mephitic Cloud        Conj/Pois/Air  ######..     1%          3    None
d - Conjure Flame         Conj/Fire      ######..     1%          3    None


Dungeon Overview and Level Annotations

Branches:
Dungeon (12/15)            Temple (1/1) D:7            Lair (2/6) D:10
    Orc (1/2) D:10
  Swamp: Lair:2-4    Shoals: Lair:2-4     Snake: Lair:2-4    Spider: Lair:2-4

Altars:
Ashenzari
Cheibriados
Dithmenos
Elyvilon
Fedhas
Gozag
Hepliaklqana
Kikubaaqudgha
Makhleb
Nemelex Xobeh
Okawaru
Qazlal
Ru
Sif Muna
Trog
Uskayaw
Vehumet
Wu Jian
Xom
Yredelemnul
Zin
The Shining One

Shops:
D:8 (

Annotations:
D:9 1 runed door


Innate Abilities, Weirdness & Mutations

Your experience applies equally to all skills.
You have very sharp teeth.
Your uncanny sense of smell can sniff out nearby items.


Message History

You barely miss the six-headed hydra.
The six-headed hydra is severely wounded.
The six-headed hydra misses you. The six-headed hydra barely misses you.
The six-headed hydra misses you.
The six-headed hydra bites you but does no damage.
The six-headed hydra closely misses you.
The six-headed hydra bites you! The crocodile bites you!
The six-headed hydra barely misses you. The six-headed hydra bites you!
* * * LOW HITPOINT WARNING * * *
The six-headed hydra completely misses you.
The six-headed hydra bites you.
* * * LOW HITPOINT WARNING * * *
The six-headed hydra bites you.
* * * LOW HITPOINT WARNING * * *
The six-headed hydra misses you.
As you read the scroll of teleportation, it crumbles to dust.
You feel strangely unstable. The crocodile closely misses you.
The six-headed hydra closely misses you.
The six-headed hydra misses you. The six-headed hydra bites you!
You die...

.#####.#.P.....##
#####......### ##
###....#.# .##
##....## # ###.#
#.....## ##.##...###
###..#.#
#.......F.########.##
##.....†#t.##..##..#
#...8.%rD@.........#
........t#.#..###..##
......#.###...# ##.#
.8...#.## #...# ###
.?..... #..## .......
.... .>:8..8 ....##
....... %.....


You could see a six-headed hydra, a spiny frog, 2 crocodiles and a porcupine.

Vanquished Creatures
  A hydra (Lair:2)
  Erica (D:8)
  3 two-headed ogres
  Nergalle (Orc:1)
  Maurice (D:10)
  2 black mambas (Lair:2)
  2 spiny frogs
  A komodo dragon (Lair:1)
  A centaur skeleton (D:12)
  A kobold demonologist (D:12)
  2 rime drakes
  3 trolls
  4 hippogriffs
  A meliai zombie (D:12)
  A shadow (D:11)
  A vampire (D:12)
  18 yaks
  A wyvern (D:8)
  A wraith (D:10)
  4 water moccasins
  6 porcupines
  2 eyes of draining
  5 orc warriors
  6 ice beasts
  3 phantoms
  2 sky beasts
  4 black bears
  11 ogres
  4 boggarts (D:11)
  13 wolves
  7 centaurs
  4 crocodiles
  3 big kobolds (D:10)
  11 bullfrogs
  A gnoll sergeant (Orc:1)
  A wyvern zombie (D:9)
  8 scorpions
  6 killer bees
  5 wights (D:12)
  3 howler monkeys (D:11)
  3 centaur zombies
  7 crimson imps
  A quasit (D:9)
  9 hounds
  2 bullfrog zombies
  5 jellies
  2 bullfrog skeletons
  6 orc priests
  Ijyb (D:5)
  12 orc wizards
  5 iguanas
  10 worker ants
  Robin (D:3)
  13 adders
  8 gnolls
  5 shadow imps
  4 oozes
  An adder skeleton (D:5)
  3 worms
  4 leopard geckos
  31 orcs
  6 bats
  4 giant cockroaches
  9 goblins
  8 hobgoblins
  2 jackals (D:7)
  3 quokkas
  A ball python (D:1)
  A frilled lizard (D:4)
  16 kobolds
  A leopard gecko zombie (D:8)
  7 rats
  5 fungi (D:10)
  7 plants (D:10)
358 creatures vanquished.

Vanquished Creatures (collateral kills)
  A wolf (Lair:1)
1 creature vanquished.

Vanquished Creatures (others)
  21 fungi (D:10)
  A plant (D:10)
22 creatures vanquished.

Grand Total: 381 creatures vanquished

Notes
Turn   | Place    | Note
-------+----------+-------------------------------------------
     0 | D:1      | empire the Gnoll Wanderer began the quest for the Orb.
     0 | D:1      | empire set off with: a +2 scale mail, a +0 mace, a +0 buckler, a ration
     0 | D:1      | Reached XP level 1. HP: 26/26 MP: 1/1
    46 | D:1      | Reached XP level 2. HP: 33/33 MP: 2/2
   730 | D:2      | Found a sparkling altar of Nemelex Xobeh.
   730 | D:2      | Found a snail-covered altar of Cheibriados.
   738 | D:2      | Became a worshipper of Cheibriados the Contemplative
   804 | D:2      | Reached XP level 3. HP: 38/38 MP: 3/3
   982 | D:2      | Reached skill level 1 in Invocations
  1170 | D:2      | Reached skill level 1 in Short Blades
  1170 | D:2      | Reached skill level 1 in Long Blades
  1170 | D:2      | Reached skill level 1 in Axes
  1170 | D:2      | Reached skill level 1 in Polearms
  1170 | D:2      | Reached skill level 1 in Staves
  1170 | D:2      | Reached skill level 1 in Slings
  1170 | D:2      | Reached skill level 1 in Bows
  1170 | D:2      | Reached skill level 1 in Crossbows
  1170 | D:2      | Reached skill level 1 in Throwing
  1170 | D:2      | Reached skill level 1 in Dodging
  1170 | D:2      | Reached skill level 1 in Stealth
  1170 | D:2      | Reached skill level 1 in Unarmed Combat
  1170 | D:2      | Reached skill level 1 in Spellcasting
  1170 | D:2      | Reached skill level 1 in Evocations
  1170 | D:2      | Reached XP level 4. HP: 45/45 MP: 5/5
  1700 | D:3      | Reached * piety under Cheibriados
  1719 | D:3      | Noticed Robin
  1733 | D:3      | Killed Robin
  1733 | D:3      | Reached skill level 1 in Conjurations
  1733 | D:3      | Reached skill level 1 in Hexes
  1733 | D:3      | Reached skill level 1 in Charms
  1733 | D:3      | Reached skill level 1 in Summonings
  1733 | D:3      | Reached skill level 1 in Necromancy
  1733 | D:3      | Reached skill level 1 in Translocations
  1733 | D:3      | Reached skill level 1 in Transmutations
  1733 | D:3      | Reached skill level 1 in Fire Magic
  1733 | D:3      | Reached skill level 1 in Ice Magic
  1733 | D:3      | Reached skill level 1 in Air Magic
  1733 | D:3      | Reached skill level 1 in Earth Magic
  1733 | D:3      | Reached skill level 1 in Poison Magic
  1862 | D:3      | Reached XP level 5. HP: 45/51 MP: 5/7
  2038 | D:3      | Noticed an orc warrior
  2041 | D:3      | Reached ** piety under Cheibriados
  2073 | D:3      | Killed an orc warrior
  2073 | D:3      | Reached XP level 6. HP: 18/57 MP: 8/8
  2515 | D:4      | Reached skill level 5 in Shields
  2818 | D:4      | Reached XP level 7. HP: 48/63 MP: 10/10
  3267 | D:4      | Found a bloodstained altar of Trog.
  3411 | D:5      | Entered Level 5 of the Dungeon
  3421 | D:5      | Noticed Ijyb
  3422 | D:5      | Paralysed by Ijyb for 7 turns
  3432 | D:5      | Paralysed by Ijyb for 7 turns
  3441 | D:5      | Killed Ijyb
  3461 | D:5      | Reached *** piety under Cheibriados
  3691 | D:5      | Reached skill level 9 in Fighting
  3792 | D:5      | Got an ancient hat
  3803 | D:5      | Identified the cursed +0 hat "Robes" {rF- rN+++ rCorr Dex+4} (You found it on level 5 of the Dungeon)
  3820 | D:5      | Reached XP level 8. HP: 69/71 MP: 12/12
  4722 | D:6      | Found a white marble altar of Elyvilon.
  4964 | D:7      | Reached **** piety under Cheibriados
  4964 | D:7      | Reached XP level 9. HP: 69/76 MP: 14/14
  5517 | D:7      | Found a staircase to the Ecumenical Temple.
  5527 | D:7      | Reached skill level 5 in Maces & Flails
  5587 | Temple   | Entered the Ecumenical Temple
  5678 | Temple   | Learned a level 2 spell: Blink
  5681 | Temple   | Learned a level 2 spell: Call Imp
  5685 | Temple   | Learned a level 3 spell: Mephitic Cloud
  5689 | Temple   | Learned a level 3 spell: Conjure Flame
  6058 | D:8      | Reached ***** piety under Cheibriados
  6058 | D:8      | Reached skill level 5 in Invocations
  6134 | D:8      | Found Zier's Weapon Emporium.
  6282 | D:8      | Found a shattered altar of Ashenzari.
  6285 | D:8      | Found a blossoming altar of Fedhas.
  6286 | D:8      | Found a deep blue altar of Sif Muna.
  6307 | D:8      | Found a sacrificial altar of Ru.
  6413 | D:8      | Noticed Erica
  6426 | D:8      | Killed Erica
  6426 | D:8      | Reached XP level 10. HP: 76/85 MP: 15/17
  6481 | D:8      | Reached skill level 5 in Short Blades
  6481 | D:8      | Reached skill level 5 in Long Blades
  6481 | D:8      | Reached skill level 5 in Axes
  6481 | D:8      | Reached skill level 5 in Polearms
  6481 | D:8      | Reached skill level 5 in Staves
  6481 | D:8      | Reached skill level 5 in Slings
  6481 | D:8      | Reached skill level 5 in Bows
  6481 | D:8      | Reached skill level 5 in Crossbows
  6481 | D:8      | Reached skill level 5 in Throwing
  6481 | D:8      | Reached skill level 5 in Dodging
  6481 | D:8      | Reached skill level 5 in Stealth
  6481 | D:8      | Reached skill level 5 in Unarmed Combat
  6481 | D:8      | Reached skill level 5 in Spellcasting
  6481 | D:8      | Reached skill level 5 in Evocations
  6942 | D:8      | Found a hazy altar of Hepliaklqana.
  7073 | D:9      | Found a glowing golden altar of the Shining One.
  7073 | D:9      | Noticed an angel
  7074 | D:9      | Found a runed door.
  7197 | D:9      | Reached skill level 10 in Fighting
  7307 | D:9      | Noticed a two-headed ogre
  7315 | D:9      | Killed a two-headed ogre
  7665 | D:10     | Entered Level 10 of the Dungeon
  7775 | D:10     | Reached XP level 11. HP: 45/91 MP: 19/19
  7812 | D:10     | Found a staircase to the Lair.
  7830 | D:10     | Reached ****** piety under Cheibriados
  8146 | D:10     | Found a staircase to the Orcish Mines.
  8528 | D:10     | Noticed Maurice
  8537 | D:10     | Killed Maurice
  8573 | Lair:1   | Entered Level 1 of the Lair of Beasts
  8576 | Lair:1   | Reached skill level 5 in Conjurations
  8576 | Lair:1   | Reached skill level 5 in Hexes
  8576 | Lair:1   | Reached skill level 5 in Charms
  8576 | Lair:1   | Reached skill level 5 in Summonings
  8576 | Lair:1   | Reached skill level 5 in Necromancy
  8576 | Lair:1   | Reached skill level 5 in Translocations
  8576 | Lair:1   | Reached skill level 5 in Transmutations
  8576 | Lair:1   | Reached skill level 5 in Fire Magic
  8576 | Lair:1   | Reached skill level 5 in Ice Magic
  8576 | Lair:1   | Reached skill level 5 in Air Magic
  8576 | Lair:1   | Reached skill level 5 in Earth Magic
  8576 | Lair:1   | Reached skill level 5 in Poison Magic
 10097 | Orc:1    | Entered Level 1 of the Orcish Mines
 10163 | Orc:1    | Noticed Nergalle
 10174 | Orc:1    | Killed Nergalle
 10665 | D:11     | Reached XP level 12. HP: 97/99 MP: 22/22
 11056 | D:11     | Noticed a two-headed ogre
 11063 | D:11     | Killed a two-headed ogre
 11138 | D:11     | Noticed a two-headed ogre
 11699 | D:12     | Reached skill level 11 in Fighting
 11898 | D:12     | Noticed a two-headed ogre
 11911 | D:12     | Killed a two-headed ogre
 12091 | D:12     | Noticed a sun demon
 12464 | Lair:2   | Reached skill level 10 in Armour
 12658 | Lair:2   | Noticed an eight-headed hydra
 12662 | Lair:2   | Noticed a six-headed hydra
 12668 | Lair:2   | Killed an eight-headed hydra
 12681 | Lair:2   | Slain by a six-headed hydra

Skill      XL: |  1  2  3  4  5  6  7  8  9 10 11 12 |
---------------+-------------------------------------+-----
Invocations    | 1 2 3 4 5 6 7 8 |  8.4
Short Blades   | 1 2 3 4 5 6 7 |  7.6
Long Blades    | 1 2 3 4 5 6 7 |  7.6
Axes           | 1 2 3 4 5 6 7 |  7.6
Polearms       | 1 2 3 4 5 6 7 |  7.6
Staves         | 1 2 3 4 5 6 7 |  7.6
Slings         | 1 2 3 4 5 6 7 |  7.6
Bows           | 1 2 3 4 5 6 7 |  7.6
Crossbows      | 1 2 3 4 5 6 7 |  7.6
Throwing       | 1 2 3 4 5 6 7 |  7.6
Dodging        | 1 2 3 4 5 6 7 |  7.6
Stealth        | 1 2 3 4 5 6 7 |  7.6
Unarmed Combat | 1 2 3 4 5 6 7 |  7.6
Spellcasting   | 1 2 3 4 5 6 7 |  7.6
Evocations     | 1 2 3 4 5 6 7 |  7.6
Conjurations   | 1 2 3 4 5 6 |  6.3
Hexes          | 1 2 3 4 5 6 |  6.3
Charms         | 1 2 3 4 5 6 |  6.3
Summonings     | 1 2 3 4 5 6 |  6.3
Necromancy     | 1 2 3 4 5 6 |  6.3
Translocations | 1 2 3 4 5 6 |  6.3
Transmutations | 1 2 3 4 5 6 |  6.3
Fire Magic     | 1 2 3 4 5 6 |  6.3
Ice Magic      | 1 2 3 4 5 6 |  6.3
Air Magic      | 1 2 3 4 5 6 |  6.3
Earth Magic    | 1 2 3 4 5 6 |  6.3
Poison Magic   | 1 2 3 4 5 6 |  6.3
Maces & Flails | 3 4 5 6 7 8 |  8.1
Shields        | 5 6 7 8 9 |  9.0
Armour         | 7 8 9 10 | 10.1
Fighting       | 9 10 11 | 11.2

Action                   |  1- 3 |  4- 6 |  7- 9 | 10-12 || total
-------------------------+-------+-------+-------+-------++-------
Melee: Mace              |    98 |   172 |   325 |       ||   595
       Bite              |     9 |    26 |    82 |   136 ||   253
       War axe           |       |       |    48 |   472 ||   520
       Morningstar       |       |       |       |    92 ||    92
 Cast: Call Imp          |       |       |       |     4 ||     4
       Blink             |       |       |       |     2 ||     2
Evoke: Wand              |       |     3 |     3 |    11 ||    17
  Use: Scroll            |       |     4 |     5 |     5 ||    14
       Potion            |       |     3 |     1 |     7 ||    11
 Stab: Sleeping          |       |       |     3 |    17 ||    20
       Distracted        |       |       |     1 |     1 ||     2
  Eat: Chunk             |     1 |     4 |     7 |     8 ||    20
       Ration            |       |       |       |     1 ||     1
Armor: Scale mail        |    56 |    63 |   153 |   241 ||   513
Dodge: Dodged            |    57 |    97 |   237 |   637 ||  1028
Block: Buckler           |    28 |    54 |   144 |   366 ||   592
